Cogmind - Beta 13 @@@ ROGUE MODE // 2024.04.05 @ 15:38:22 Player: Kakuke Result: Destroyed by D-53 Grenadier with Mini Grenade Launcher Performance ------------- Evolutions (0) 0 Regions Visited (2) 400 Robots Destroyed (44) 220 Value Destroyed (769) 769 Prototype IDs (1) 20 Alien Tech Used (0) 0 Bonus (0) 0 TOTAL SCORE: 1409 Bonus ------- None Cogmind --------- Core Integrity 0/250 Matter 179/300 Energy 68/100 System Corruption 4% Temperature Cool (0) Movement Core (250) Ox4 Location -10/Mines Parts ------- > --- POWER (1) -------- (None) > --- PROPULSION (2) --- (None) > --- UTILITY (2) ------ Medium Storage Unit > --- WEAPON (2) ------- Light Cannon Makeshift Sword > --- INVENTORY (10) --- High-capacity Battery (250) Structural Scanner Improved Medium Laser Improved Medium Laser Datajack Peak State ------------ > --- POWER ------------ Light Nuclear Core > --- PROPULSION ------- Wheel Wheel > --- UTILITY ---------- Visual Processing Unit Seismic Detector > --- WEAPON ----------- Heavy EM Pulse Gun Improved Medium Laser > --- INVENTORY -------- Signal Interpreter ECM Suite Heavy EM Pulse Gun Rocket Launcher [Rating: 13] Favorites ----------- Power Light Nuclear Core Engine Ion Engine Power Core Light Nuclear Core Propulsion Wheel Leg Aluminum Leg Wheel Wheel Utility Seismic Detector Device Seismic Detector Storage Medium Storage Unit Processor Visual Processing Unit Protection Propulsion Shielding Weapon Heavy EM Pulse Gun Energy Gun Heavy EM Pulse Gun Ballistic Gun Assault Rifle Ballistic Cannon Light Cannon Launcher Grenade Launcher Slashing Weapon Makeshift Sword Special Melee Weapon Datajack Build | -11 -10 -10 ------- Run | Yrd Mat Min Slots Evolved . | . . . Power . | . . . Propulsion . | . . . Utility . | . . . Weapon . | . . . Parts Attached 69 | 27 26 16 Power 6 | 3 3 . Engine 4 | 3 1 . Core 2 | . 2 . Reactor . | . . . Propulsion 19 | 11 7 1 Treads . | . . . Leg 5 | 5 . . Wheel 14 | 6 7 1 Hover . | . . . Flight . | . . . Utility 17 | 5 7 5 Device 8 | 3 2 3 Storage 5 | 2 3 . Processor 3 | . 2 1 Hackware . | . . . Protection 1 | . . 1 Artifact . | . . . Weapon 27 | 8 9 10 Energy Gun 7 | . 4 3 Energy Cannon . | . . . Ballistic Gun 10 | 8 2 . Ballistic Cannon 3 | . . 3 Launcher 5 | . 3 2 Special Weapon . | . . . Impact Weapon . | . . . Slashing Weapon 1 | . . 1 Piercing Weapon . | . . . Special Melee Weapon 1 | . . 1 Unidentified Prototypes 1 | . 1 . Parts Lost 10 | . 1 9 Power 1 | . . 1 Propulsion 4 | . 1 3 Utility 2 | . . 2 Weapon 3 | . . 3 Highest Loss Streak 6 | . 1 6 To Critical Strikes . | . . . Average Slot Usage (%) 98 | . 98 94 Engine 1 | . 2 . Core 11 | . 11 13 Wheel 27 | . 27 26 Device 15 | . 16 9 Storage 8 | . 7 14 Processor 2 | . 3 . Energy Gun 17 | . 17 14 Ballistic Gun 5 | . 6 . Ballistic Cannon 1 | . . 10 Launcher 3 | . 3 1 Naked Turns . | . . . Heaviest Build 22 | 12 22 22 Greatest Support 26 | 20 26 26 Greatest Overweight (x) 1 | 1 1 1 Average Overweight (x) . | . . . Largest Inventory Capacity 10 | 5 10 10 Average Capacity 7 | 5 7 10 Most Carried 9 | 5 9 9 Average Carried 4 | 2 4 6 Final Capacity 10 | 5 10 10 Final Carried 9 | 2 9 5 Class Distribution -------------------- 50% | Scavenger-Mutant 49% | Mutant Dominant Class ---------------- Mutant | -10/Materials Mutant | -10/Mines Resources | -11 -10 -10 ----------- Run | Yrd Mat Min Matter Collected 1215 | 549 623 43 Remotely . | . . . Salvage Created 1278 | 149 1033 96 Parts 78 | 15 56 7 Haulers Intercepted 1 | . 1 . Recyclers Shooed 2 | . 2 . Parts Field Recycled . | . . . Retrieved Matter . | . . . Parts Self-Destructed . | . . . Prevented . | . . . Kills | -11 -10 -10 ------- Run | Yrd Mat Min Combat Hostiles Destroyed 20 | 1 13 6 Melee 3 | . . 3 Guns 9 | 1 8 . AOE 8 | . 5 3 Classes Destroyed 10 | 3 5 2 Worker 9 | 1 6 2 Builder 4 | . 4 . Tunneler 5 | 4 . 1 Hauler 1 | . 1 . Recycler 4 | . 4 . Operator 1 | . 1 . Watcher 3 | . 3 . Swarmer 3 | . . 3 Grunt 14 | 1 13 . Assembled 3 | . . 3 Best Kill Streak 5 | 2 5 5 Combat Bots Only 4 | 1 4 3 Max Kills in Single Turn 5 | 1 2 5 Gunslinging . | . . . Exploded 3 | . 2 3 Melee 1 | . . 1 Uniques/NPCs Destroyed . | . . . Combat | -11 -10 -10 -------- Run | Yrd Mat Min Hostile Shots Fired 84 | 1 45 38 Missed 17 | . 13 4 Damage Taken 1182 | 12 373 797 Core 304 | . 43 261 Absorbed by Shields . | . . . Redirected to Shielding 26 | . . 26 Regen/Repaired (Parts) 57 | . 57 . Core Remaining (%) 100 | 100 . . Volleys Fired 117 | 31 79 7 Largest 2 | 2 2 2 Hottest 90 | 40 90 90 Shots Fired 196 | 58 126 12 Gun 181 | 58 115 8 Cannon 3 | . . 3 Launcher 12 | . 11 1 Special . | . . . Kinetic 116 | 58 55 3 Thermal 14 | . 14 . Explosive 12 | . 11 1 Electromagnetic 54 | . 46 8 Robot Hit Streak 9 | 5 9 2 Robot Miss Streak 4 | 2 4 3 Penetration Max . | . . . Secondary Targets . | . . . Shots Hit Robots 90 | 15 63 12 Core Hits 60 | 8 44 8 Critical Kills . | . . . Critical Parts Destroyed . | . . . Critical Strikes 2 | . 2 . Burn 2 | . 2 . Melee Attacks 10 | . . 10 Impact . | . . . Slashing 10 | . . 10 Piercing . | . . . Sneak Attacks . | . . . Combat Hostiles . | . . . Follow-up Attacks . | . . . Damage Inflicted 2444 | 184 1516 744 Guns 1137 | 184 941 12 Cannons 56 | . . 56 Explosions 890 | . 575 315 Melee 358 | . . 358 Ramming 3 | . . 3 Kinetic 643 | 184 403 56 Thermal 321 | . 177 144 Explosive 714 | . 543 171 Electromagnetic 405 | . 393 12 Impact . | . . . Slashing 358 | . . 358 Piercing . | . . . Highest Corruption 4 | . 4 4 Average Corruption 3 | . 3 4 Corruption Purged . | . . . Corruption Blocked . | . . . Effects 17 | . 10 7 Message Errors 6 | . 5 1 Matter Fused 3 | . 2 1 Heat Flow Errors 2 | . 1 1 Energy Discharges 2 | . . 2 Parts Fused 2 | . 1 1 Data Loss (minor) 1 | . . 1 Data Loss (major) 1 | . 1 . Overload Shots . | . . . Overflow Damage 114 | . . 114 Projectiles . | . . . Explosions 50 | . . 50 Melee 64 | . . 64 Knockbacks 1 | . . 1 Impact . | . . . Kinetic 1 | . . 1 Secondary . | . . . Self-Inflicted Damage 118 | . . 118 Shots 3 | . . 3 Rammed 1 | . . 1 Targets Rammed 1 | . . 1 Kicked . | . . . Crushed . | . . . Highest Temperature 192 | . 192 144 Average Temperature 54 | . 54 56 Received Heat Transfer 313 | 6 207 100 Siege Activations . | . . . Robots Corrupted 1 | . 1 . Combat Hostiles . | . . . Parts Fried 3 | . 3 . Impact Corruptions . | . . . Robots Melted . | . . . Combat Hostiles . | . . . Parts Melted 1 | . . 1 Heat Transferred 631 | . 481 150 Parts Sabotaged . | . . . Parts Stolen . | . . . Parts Stripped . | . . . Power Chain Reactions 1 | . 1 . Alert | -11 -10 -10 ------- Run | Yrd Mat Min Peak Influence 249 | 40 249 208 Initial 37 | . 3 37 Average 106 | 14 125 168 Maximum Alert Level 1 | . 1 1 Low Security (%) 88 | 100 83 94 Level 1 11 | . 16 5 Level 2 . | . . . Level 3 . | . . . Level 4 . | . . . Level 5 . | . . . High Security . | . . . Max Security . | . . . Squads Dispatched 2 | . 2 . Investigation 2 | . 2 . Extermination . | . . . Reinforcement . | . . . Assault . | . . . Garrison . | . . . Intercept . | . . . Searches Triggered . | . . . Construction Impeded . | . . . Haulers Reinforced . | . . . Active Scanning Responses . | . . . Cargo Convoy Interrupts . | . . . Stealth | -11 -10 -10 --------- Run | Yrd Mat Min Distress Signals . | . . . Communications Jammed . | . . . Distress Signals . | . . . Times Spotted 44 | 1 19 24 Peak Tracking Total 16 | 1 3 16 Tactical Retreats 1 | . . 1 Traps | -11 -10 -10 ------- Run | Yrd Mat Min Traps Triggered 2 | . 2 . Indirectly . | . . . Trap Hack Attempts . | . . . Triggered . | . . . Disarmed . | . . . Reprogrammed . | . . . Reused . | . . . Traps Extracted . | . . . Installed . | . . . Triggered . | . . . Machines | -11 -10 -10 ---------- Run | Yrd Mat Min Machines Disabled 7 | . 2 5 Max in Single Turn 5 | . 1 5 Machines Repaired . | . . . Machines Dismantled . | . . . Machines Sabotaged . | . . . Overloaded Fab Kills . | . . . Hacking | -11 -10 -10 --------- Run | Yrd Mat Min Machines Accessed 9 | . 9 . Terminals 6 | . 6 . Fabricators . | . . . Repair Stations 1 | . 1 . Recycling Units 2 | . 2 . Scanalyzers . | . . . Garrison Access . | . . . Total Hacks 34 | . 34 . Successful 23 | . 23 . Failed 10 | . 10 . Catastrophic 3 | . 3 . Database Lockouts 1 | . 1 . Manual . | . . . Terminals 22 | . 22 . Fabricators . | . . . Repair Stations 6 | . 6 . Recycling Units 6 | . 6 . Scanalyzers . | . . . Garrison Access . | . . . Terminal Hacks 13 | . 13 . Record 8 | . 8 . Emergency Access Points 1 | . 1 . Alert Level 1 | . 1 . Dispatch Records 2 | . 2 . Assault Status 1 | . 1 . Fabricator Hacks . | . . . Repair Station Hacks 5 | . 5 . Scan Component 2 | . 2 . Repair 2 | . 2 . Refit 1 | . 1 . Recycling Unit Hacks 5 | . 5 . Recycle Component 1 | . 1 . Report Inventory 3 | . 3 . Retrieve Components 1 | . 1 . Scanalyzer . | . . . Garrison Access Hacks . | . . . Unauthorized Hacks . | . . . Terminals . | . . . Fabricators . | . . . Repair Stations . | . . . Recycling Units . | . . . Scanalyzers . | . . . Garrison Access . | . . . Data Cores Recovered 1 | . 1 . Used 1 | . 1 . Hacking Detections 8 | . 8 . Full Trace Events 5 | . 5 . Feedback Events . | . . . Feedback Blocked . | . . . Robot Schematics Acquired . | . . . Robots Built . | . . . Authchips . | . . . Time . | . . . Total Robot Build Rating . | . . . Part Schematics Acquired . | . . . Parts Built . | . . . Authchips . | . . . Time . | . . . Total Part Build Rating . | . . . Parts Repaired 2 | . 2 . Time 64 | . 64 . Parts Recycled 1 | . 1 . Recycled Matter . | . . . Retrieved Matter . | . . . Retrieved Components 10 | . 10 . Parts Scanalyzed . | . . . Part Schematics Acquired . | . . . Parts Damaged . | . . . Bothacking | -11 -10 -10 ------------ Run | Yrd Mat Min Used RIF Installer . | . . . Robots Hacked . | . . . Non-combat . | . . . Combat . | . . . Robot Hacks Applied . | . . . Relay Couplers Released . | . . . Fabnet Peak Effective % . | . . . Robots Rewired . | . . . Allies Hacked . | . . . Hacks Repelled . | . . . Allies | -11 -10 -10 -------- Run | Yrd Mat Min Total Allies . | . . . Largest Group . | . . . Highest-Rated Group . | . . . Highest-Rated Ally . | . . . Total Orders . | . . . Ally Attacks . | . . . Total Damage . | . . . Kills . | . . . Allies Corrupted . | . . . Allies Melted . | . . . Intel | -11 -10 -10 ------- Run | Yrd Mat Min Robot Analysis Total . | . . . Derelict Logs Recovered 1 | . . 1 Drone Launches . | . . . Drone Recoveries . | . . . Exploration | -11 -10 -10 ------------- Run | Yrd Mat Min Turns Passed 2207 | 484 1435 288 Spaces Moved 1968 | 443 1294 231 Core 110 | 110 . . Treads . | . . . Legs 25 | 25 . . Wheels 1833 | 308 1294 231 Hover . | . . . Flight . | . . . Fastest Speed 50 | 50 80 80 Average Speed 84 | 74 85 94 Slowest Speed 120 | 120 95 95 Overloaded Moves . | . . . Propulsion Burnouts . | . . . Robots Hopped . | . . . Cave-ins Triggered . | . . . Exploration Rate (%) 51 | 12 99 42 Regions Visited 2 Branch Regions 1 Pre-discovered Areas 1 | . . 1 Known Exits Taken . | . . . Unknown Exits Taken 2 | 1 1 . Scrap Searched 1 | . . 1 Spaces Dug . | . . . Terrain Destroyed 70 | . 34 36 Melee . | . . . Projectile . | . . . AOE 70 | . 34 36 Terrain Rammed . | . . . Walls Destroyed . | . . . Machines Disabled . | . . . Actions | -11 -10 -10 --------- Run | Yrd Mat Min Total 2309 | 540 1492 277 Wait 66 | 8 50 8 Move 1966 | 442 1293 231 Hop . | . . . Pick Up 44 | 15 27 2 Fast Attach 4 | 4 . . Attach 28 | 15 6 7 Detach 11 | 7 2 2 Swap 37 | 8 20 9 Drop 25 | 10 15 . Fire 117 | 31 79 7 Melee 10 | . . 10 Ram 1 | . . 1 Kick . | . . . Crush . | . . . Escape Stasis . | . . . Rewire . | . . . Trap . | . . . Miscellaneous . | . . . Route ------- -11/Scrapyard -10/Materials (discovered 6 exits: [*Mat x3] / [*Min x2] / [*Sub]) -10/Mines (discovered 1 exit: [*Mat]) History --------- Turn | Location | Event 2 | -11/Scrapyard | Met Revision 17 205 | -11/Scrapyard | Discovered new exit (range 8) 485 | -11/Scrapyard | Entered Materials 485 | -10/Materials | Discovered new exit (range 7) 486 | -10/Materials | Build established: Scavenger-Mutant 580 | -10/Materials | Repaired Ion Engine 665 | -10/Materials | Discovered new exit (range 15) 905 | -10/Materials | Discovered new exit (range 12) 1224 | -10/Materials | Discovered new exit (range 10) 1499 | -10/Materials | Build established: Mutant 1503 | -10/Materials | Repaired Lgt. Nuclear Core 1587 | -10/Materials | Discovered new exit (range 13) 1662 | -10/Materials | Discovered new exit (range 8) 1684 | -10/Materials | Central database locked down 1920 | -10/Materials | Entered Mines 1993 | -10/Mines | Lost 3 parts (1n1u1w) 2080 | -10/Mines | Discovered new exit (range 10) 2161 | -10/Mines | Assembled infested the area 2162 | -10/Mines | A weapon hastily lodged in a ceiling crevice suddenly fell to the ground 2203 | -10/Mines | Core integrity fell below 50% 2205 | -10/Mines | Core integrity fell below 20% 2208 | -10/Mines | Destroyed by D-53 Grenadier with Mini Grenade Launcher Last Messages --------------- 02190_ Destroyed Asb. Hover Unit. 02192_ Wheel destroyed. 02194_ Destroyed Asb. F-torch. 02195_ Propulsion Shielding destroyed. 02196_ as-87668 destroyed. 02198_ as-68074 destroyed. 02200_ C-30 ARC bursts open, deploying its payload. 02200_ D-53 Grenadier unfolds itself. 02200_ Wheel destroyed. 02202_ Hvy. EM Pulse Gun destroyed. 02202_ as-40889 destroyed. 02202_ as-64326 destroyed. 02202_ as-15732 destroyed. 02204_ Destroyed Asb. F-torch. 02204_ Destroyed Asb. Hover Unit. 02204_ as-30529 destroyed. 02204_ as-12245 destroyed. 02206_ Rocket Launcher destroyed. 02206_ as-90039 destroyed. [Achievement: First Step to Greatness] Map ----- +----------------------------------------------------+ | ????????????????????????????????????????######### | | ??????????????????????????###???########## | | ??????????????????????????## ######### | | ????????????????????????? | | ??????????????????????????????? ######## ## ## | | ??????????????????????????????? ######## ####### | | ???????????????????????????????????##### ####### | | ???????????????????????????????????## ## | | ???????????????????????????????????## ######## ### | | ???????????????????????????????????## ######## ### | | ???????????????????????????????????## ????### ## | | ????????????????????????????????????# #???## # | | ????????????????????????????????????# #???## # | | ????????????????????????????????????# #???## # | | ????????????????????????????????????# #???### | | ????????????????????????????????????# #???#### | | ????????????????????????????????????# #????#### | | ????????????????????????????????????# #?????### | | ????????????????????????????????????# ######?## # | | ????????????????????????????????????# #?##### | | ??????????????????????#######???????# #### #?##### | | ??????????? < ??????## # ##??????# #??# #?????? | | ????????# a#### ##?????# #??# #?????? | | ?????????# a aa ####### #??# #?????? | | ???????? ### a ## ##?# #?????? | | ???????????????????# @ # ### #?????? | | ???????????????????# d% ## #?????? | | ???????????????????# d % ## #?????? | | ???????????????????# # ## ### #?????? | | ??????????????????# ?## ########## ####### | | ??????????????????????######## ##???????## ####### | | ??????????????????????????????##????????## ! !| | | ????????????????????????????????????????########## | | ????????????????????????????????????????########## | | ?????????????????????????????????????????????????? | | ?????????????????????????????????????????????????? | | ?????????????????????????????????????????????????? | | ?????????????????????????????????????????????????? | | ?????????????????????????????????????????????????? | | ?????????????????????????????????????????????????? | | | | | | | | | | | | | | | | | | | | | +----------------------------------------------------+ Best States ------------- Heat Dissipation 35 Energy Generation 14 Energy Capacity 410 Matter Stores 330 Matter Capacity 400 Sight Range 18 Terrain Scan Range 16 Terrain Scan Density 10 Propulsion Shielding 33 Evasion (%) 55 Item Schematics ----------------- None Robot Schematics ------------------ None Fabricated ------------ Nothing Alien Tech Used ----------------- None Achievements -------------- Dynamic Key First Step to Greatness Loot Pinata One Hack Too Far Part-time Mechanic Power Corrupts Risk Taker Challenges ------------ None Game ------ Seed FlakDrainedFalx Manual? 0 Play Time 02:34:38 Cumulative 5.1 hours Start 2024.04.04 @ 13:54:37 End 2024.04.05 @ 15:38:22 Sessions 8 Manual Loads 0 Difficulty Rogue Special Mode None Game No. 1 Rogue 1 Adventurer 0 Explorer 0 Win Type - Total 0 Types 0/0/0/0/0/0/0/0/0 Lore% 1 Gallery% 3 Achievement% 2 Wizard Run 0 Options --------- Layout 0 ASCII 0 Keyboard 0 Movement Mouse Keybinds 0 Fullscreen 1 Font 18/SmallcapsGlow Map View 76x50 Zoom Use 0% Tactical HUD 1 Map Filters NONE Filters NONE Steam 1 RUN: 1d7fa0d7-3ee6-4466-9bed-4e29de846d75